 Dungeon Crawl Stone Soup version 0.30-a0-578-gdee14c521f (webtiles) character file.

Game seed: 1681525693219326463

132766 greenreed the Shatterer (level 16, -12/167 HPs)
             Began as a Minotaur Berserker on Jan 1, 2023.
             Was the Champion of Trog.
             Mangled by a naga
             ... wielding a +0 flail
              (16 damage)
             ... on level 3 of the Snake Pit.
             The game lasted 00:54:05 (27217 turns).

greenreed the Shatterer (Minotaur Berserker)       Turns: 27217, Time: 00:54:06

Health: -12/167    AC: 28    Str: 28    XL:     16   Next: 58%
Magic:  15/15      EV:  9    Int:  6    God:    Trog [******]
Gold:   1687       SH:  0    Dex: 12    Spells: 15/15 levels left

rFire   + + +      SeeInvis +    o - +7 great mace "Firestarter" {inner flame, rF++}
rCold   . . .      Faith    +    (shield currently unavailable)
rNeg    . . .      Spirit   .    p - +6 chain mail of Beogh's Approval {rCorr Int+2}
rPois   .          Reflect  .    l - +0 mask of the Dragon {Will+ Slay+3 SInv}
rElec   .          Harm     .    w - +2 cloak {rCorr}
rCorr   +          Rampage  .    T - +1 pair of gloves
Will    +++..                    (no boots) Stlth
                                 R - amulet of faith
HPRegen 0.47/turn                V - ring of protection from fire
MPRegen 0.14/turn                I - ring of willpower

@: lethally poisoned (-12 -> -53), slowed, constricted, studying Armour, very
slow
A: horns 2, retaliatory headbutt, hooves 1, iridescent scales 1
a: Renounce Religion, Berserk, Trog's Hand, Brothers in Arms


You were on level 3 of the Snake Pit.
You worshipped Trog.
Trog was exalted by your worship.
You visited 4 branches of the dungeon, and saw 25 of its levels.
You also visited: Sewer and Bailey.

You collected 3255 gold pieces.
You spent 1568 gold pieces at shops.

Inventory:

Hand Weapons
 o - the +7 great mace "Firestarter" (weapon) {inner flame, rF++}
   (You found it on level 2 of the Lair of Beasts)

   It burns those it strikes, dealing additional fire damage.
   It fills those it strikes with an explosive inner flame.
   It grants immunity to clouds of flame.
   rF:        It greatly protects you from fire.
 v - a +2 eveningstar of draining
Missiles
 G - 6 curare-tipped darts
 M - 4 atropa-tipped darts (quivered)
 P - 3 silver javelins
Armour
 l - the +0 mask of the Dragon (worn) {Will+ Slay+3 SInv}
   (You acquired it on level 5 of the Lair of Beasts)

   Slay:      It affects your accuracy & damage with ranged weapons and melee
   (+3).
   SInv:      It lets you see invisible.
   Will:      It increases your willpower.
 p - the +6 chain mail of Beogh's Approval (worn) {rCorr Int+2}
   (You found it on level 3 of the Dungeon)

   Int:       It affects your intelligence (+2).
   rCorr:     It protects you from acid and corrosion.
 w - a +2 cloak of preservation (worn)
 T - a +1 pair of gloves (worn)
Jewellery
 I - a ring of willpower (right hand)
 K - a +6 ring of dexterity
 R - an amulet of faith (around neck)
 V - a ring of protection from fire (left hand)
 X - a ring of ice
Wands
 x - a wand of digging (17)
 y - a wand of paralysis (25)
 B - a wand of flame (47)
 J - a wand of roots (20)
 L - a wand of polymorph (6)
 O - a wand of light (4)
 U - a wand of mindburst (6)
Scrolls
 b - 3 scrolls of vulnerability
 f - 10 scrolls of enchant armour
 h - 16 scrolls of teleportation
 j - 4 scrolls of magic mapping
 q - 2 scrolls of brand weapon {unknown}
 s - 5 scrolls of immolation
 t - 3 scrolls of blinking
 u - a scroll of enchant weapon {unknown}
 z - 2 scrolls of torment
 A - 5 scrolls of poison
 C - a scroll of fog
 N - a scroll of identify
 Q - 2 scrolls of silence
 S - 2 scrolls of amnesia {unknown}
 W - a scroll of fear {unknown}
Potions
 c - 3 potions of resistance {unknown}
 d - 10 potions of curing
 e - 6 potions of magic
 g - 2 potions of lignification {unknown}
 i - 8 potions of haste
 k - 5 potions of invisibility
 m - 5 potions of ambrosia
 n - a potion of berserk rage {unknown}
 r - 6 potions of flight
 D - 4 potions of heal wounds
 E - 4 potions of attraction
 F - 4 potions of might
 H - 2 potions of cancellation {unknown}
 Y - 2 potions of mutation
Miscellaneous
 a - a phantom mirror
 Z - a lightning rod (4/4)


   Skills:
 * Level 21.1 Fighting
 * Level 24.7 Maces & Flails
 + Level 1.1 Throwing
 + Level 16.9 Armour
 + Level 7.0 Dodging
 + Level 2.3 Stealth
 + Level 9.3 Shields
 + Level 0.1 Evocations


You had 15 spell levels left.
You didn't know any spells.
Your spell library was empty.

Dungeon Overview and Level Annotations

Branches:
Dungeon (15/15)            Temple (0/1) D:6            Lair (5/5) D:11
  Swamp (0/4) Lair:3        Snake (3/4) Lair:2        Slime (0/5) Lair:5
    Orc (2/2) D:11            Elf (0/3) Orc:2        Vaults (0/5) D:14
 Depths (0/4) D:15          Sewer (visited)          Bailey (visited)

Altars:
Dithmenos
Elyvilon
Makhleb
Nemelex Xobeh
Trog
Wu Jian
Yredelemnul

Shops:
D:4 (   D:8 *   D:10 [   D:12 :   D:15 *   Orc:1 !   Orc:2 ![!!

Annotations:
D:8 1 transporter
Snake:1 2 transporters, BadToken's ghost, journeyman MiBe
Snake:2 1 runed translucent door


Innate Abilities, Weirdness & Mutations

You have a pair of horns on your head.
You reflexively headbutt those who attack you in melee.
You have large cloven feet.
You are partially covered in iridescent scales. (AC +2)


Message History

You are more poisoned.
You have difficulty breathing.
You feel as though you will be slow longer.
The naga constricts you.
The naga hits you with a +1 heavy hand axe!!
* * * LOW HITPOINT WARNING * * *
The naga mage mumbles some strange words.
The naga mage seems to speed up.
Things that are here:
a +0 dire flail; a +0 robe You are too injured to fight recklessly!
The naga's grasp on you weakens, but your attempt to escape fails.
* * * LOW HITPOINT WARNING * * *
You feel extremely sick. The naga mage hits you with a +0 spear!
* * * LOW HITPOINT WARNING * * *
The naga spits poison at you.
The splash of poison hits you but does no damage.
You are more poisoned.
You have difficulty breathing.
* * * LOW HITPOINT WARNING * * *
You feel as though you will be slow longer.
The naga constricts you.
A salamander comes into view. It is wielding a +0 trident.
The naga spits poison at you.
The splash of poison hits you but does no damage.
You are more poisoned.
You have difficulty breathing.
* * * LOW HITPOINT WARNING * * *
You feel as though you will be slow longer.
The naga mage barely misses you. You furiously retaliate!
You headbutt the naga mage!!
You feel much better.
* * * LOW HITPOINT WARNING * * *
You feel extremely sick.
The naga no longer looks unusually toxic. x2
The naga mage hits you with a +0 spear!
* * * LOW HITPOINT WARNING * * *
The naga hits you with a +0 flail!
You die...

##+#######
#.<.°§°§.##
#...§)§§..#
#...○@°§..#
#...NNS...#
#....NN...#
#.........#
#...........
#.........##.
#....N....#
#......?.##


You could see a salamander mystic, a salamander, an anaconda, a naga mage (fast,
strong) and 2 nagas.

Vanquished Creatures
  Frances (D:14)
  Roxanne (D:15)
  Louise (D:15)
  A stone giant (D:15)
  Nessos (Orc:2)
  2 dire elephants (Snake:2)
  Snorg (Lair:5)
  5 hydras
  2 anacondas
  4 vault guards (D:14)
  3 catoblepae
  5 centaur warriors
  4 naga warriors
  6 orc high priests (Orc:2)
  4 tengu warriors
  2 two-headed ogres (D:12)
  Urug (Lair:1)
  3 shock serpents
  17 death yaks
  Sonja (D:10)
  A deep elf knight (Snake:2)
  Lodul (D:11)
  3 salamander mystics
  A fire crab (Lair:4)
  A naga ritualist (Snake:2)
  3 orc knights
  A deep elf archer (Snake:2)
  A wolf spider (Lair:5)
  3 orc sorcerers
  18 ugly things
  4 mana vipers
  An oklob plant (Lair:4)
  3 manticores
  10 salamanders
  3 cyclopes
  A salamander (shapeshifter) (D:15)
  13 elephants
  21 black mambas
  Maurice (D:8)
  4 naga magi
  A guardian serpent (Lair:5)
  A molten gargoyle (Lair:5)
  A torpor snail (Lair:2)
  A gargoyle (D:11)
  2 unseen horrors
  15 cane toads
  An orange demon (Lair:2)
  2 rime drakes
  7 komodo dragons
  4 tengu conjurers
  4 polar bears
  A meliai (shapeshifter) (D:15)
  3 meliai (D:13)
  5 trolls
  A tyrant leech (Lair:3)
  4 dream sheep (Lair:3)
  4 hornets
  11 blink frogs
  Grinder (D:4)
  A raiju (Snake:2)
  A vampire (D:12)
  A spriggan (shapeshifter) (D:13)
  15 wyverns
  A water elemental (D:12)
  A yak (shapeshifter) (D:15)
  7 basilisks
  2 wraiths
  A fire elemental (Lair:5)
  Grum (D:8)
  95 yaks
  A hog (shapeshifter) (D:12)
  2 steam dragons
  3 vampire mosquitoes (D:11)
  2 swamp worms (Lair:3)
  Menkaure (D:4)
  3 acid dragons
  15 nagas
  28 water moccasins
  8 wargs
  15 orc warriors
  3 sky beasts
  4 black bears
  4 ice beasts
  23 wolves
  14 ogres
  18 centaurs
  2 kobold brigands
  18 bullfrogs
  5 scorpions
  3 necrophages
  4 howler monkeys
  A lava snake (Lair:5)
  6 electric eels
  Crazy Yiuf (D:4)
  4 hounds
  28 orc priests
  2 gnoll boudas
  6 jellies
  3 iguanas
  8 orc wizards
  5 hell rats (Lair:2)
  A centaur simulacrum (D:10)
  A hound skeleton (D:5)
  17 gnolls
  7 river rats
  13 adders
  A shadow imp (D:8)
  3 white imps
  An ufetubus (D:4)
  3 worms
  4 dart slugs
  69 orcs
  9 ball pythons
  9 bats
  15 endoplasms
  9 giant cockroaches
  19 goblins
  7 hobgoblins
  6 jackals
  3 quokkas
  8 frilled lizards
  18 kobolds
  13 rats
  A fire vortex (Lair:5)
831 creatures vanquished.

Vanquished Creatures (collateral kills)
  Jorgrun (D:14)
  4 vault guards (D:14)
  A centaur warrior (D:14)
  A boulder beetle (Lair:3)
  An orc high priest (Bailey)
  Amaemon (Lair:2)
  A blink frog (Lair:5)
  A yak (Lair:3)
  A water moccasin (Lair:5)
  An orc priest (Orc:2)
  2 orcs (Orc:2)
15 creatures vanquished.

Vanquished Creatures (others)
  52 fungi
  88 plants
140 creatures vanquished.

Grand Total: 986 creatures vanquished

Notes
Turn   | Place    | Note
-------+----------+-------------------------------------------
     0 | D:1      | greenreed the Minotaur Berserker began the quest for the
                  | Orb.
     0 | D:1      | Reached XP level 1. HP: 19/19 MP: 0/0
   129 | D:1      | Reached XP level 2. HP: 27/27 MP: 1/1
   180 | D:1      | Reached skill level 4 in Maces & Flails
   649 | D:2      | Reached XP level 3. HP: 21/33 MP: 2/2
   771 | D:2      | Reached ** piety under Trog
  1475 | D:3      | Found a glowing drain.
  1484 | Sewer    | Entered a sewer
  1554 | Sewer    | Reached XP level 4. HP: 41/41 MP: 3/3
  1807 | Sewer    | Reached skill level 5 in Maces & Flails
  1955 | Sewer    | Found a viscous altar of Jiyva.
  1959 | Sewer    | Reached XP level 5. HP: 47/47 MP: 4/4
  2015 | Sewer    | Reached skill level 5 in Fighting
  2015 | Sewer    | Reached skill level 6 in Maces & Flails
  2186 | D:3      | Reached XP level 6. HP: 56/56 MP: 5/5
  2375 | D:3      | Reached *** piety under Trog
  2385 | D:3      | Identified the +6 chain mail of Beogh's Approval {rCorr
                  | Int+2}
  2509 | D:3      | Found a faded altar of an unknown god.
  2818 | D:4      | Noticed Menkaure
  2828 | D:4      | Killed Menkaure
  2829 | D:4      | Reached skill level 7 in Maces & Flails
  2938 | D:4      | Noticed Grinder
  2938 | D:4      | Paralysed by Grinder for 4 turns
  2954 | D:4      | Killed Grinder
  2955 | D:4      | Reached skill level 8 in Maces & Flails
  2955 | D:4      | Reached XP level 7. HP: 59/62 MP: 6/6
  3513 | D:4      | Found Acluoxza's Weapon Boutique.
  3606 | D:4      | Found a runed translucent door.
  3607 | D:4      | Noticed Crazy Yiuf
  3613 | D:4      | Killed Crazy Yiuf
  3680 | D:5      | Entered Level 5 of the Dungeon
  3816 | D:5      | Reached skill level 9 in Maces & Flails
  3922 | D:5      | Reached **** piety under Trog
  3924 | D:5      | Reached XP level 8. HP: 71/71 MP: 5/7
  4296 | D:5      | Found a burning altar of Makhleb.
  4450 | D:6      | Reached skill level 10 in Maces & Flails
  4450 | D:6      | Reached skill level 1 in Stealth
  4469 | D:6      | Found a staircase to the Ecumenical Temple.
  5619 | D:6      | Reached skill level 11 in Maces & Flails
  5707 | D:7      | Reached XP level 9. HP: 65/81 MP: 5/8
  5912 | D:7      | Reached skill level 5 in Armour
  6230 | D:7      | Reached skill level 12 in Maces & Flails
  6285 | D:7      | Found a shadowy altar of Dithmenos.
  6649 | D:8      | Found a transporter.
  6649 | D:8      | Found a transporter.
  6717 | D:8      | Noticed Maurice
  6797 | D:8      | Killed Maurice
  7007 | D:8      | Noticed Grum
  7030 | D:8      | Killed Grum
  7031 | D:8      | Reached skill level 13 in Maces & Flails
  7113 | D:8      | Found Kefuq's General Store.
  7118 | D:8      | Bought a scroll of teleportation for 33 gold pieces
  7175 | D:8      | Reached XP level 10. HP: 84/91 MP: 7/9
  8097 | D:9      | Reached skill level 14 in Maces & Flails
  8115 | D:9      | Found a flagged portal.
  8126 | Bailey   | Entered a bailey
  8228 | Bailey   | Noticed an orc knight
  8235 | Bailey   | Killed an orc knight
  8243 | Bailey   | Reached skill level 10 in Fighting
  8308 | Bailey   | Noticed an orc knight
  8324 | Bailey   | Noticed an orc high priest
  8330 | Bailey   | Killed an orc knight
  8333 | Bailey   | Killed an orc high priest
  8403 | Bailey   | Found an iron altar of Okawaru.
  8405 | Bailey   | Noticed an orc sorcerer
  8413 | Bailey   | Killed an orc sorcerer
  8628 | Bailey   | Reached skill level 15 in Maces & Flails
  8996 | D:9      | Acquired a manual of Maces & Flails
  8998 | D:9      | Acquired the +11 dire flail "Oneklotu" {freeze, rCorr Str+5
                  | Dex-5 Stlth+}
  9000 | D:9      | Acquired a +2 eveningstar of draining
  9237 | D:9      | Reached XP level 11. HP: 102/102 MP: 10/10
  9817 | D:10     | Entered Level 10 of the Dungeon
  9956 | D:10     | Found a sparkling altar of Nemelex Xobeh.
 10028 | D:10     | Reached skill level 1 in Shields
 10030 | D:10     | Reached ***** piety under Trog
 10084 | D:10     | Noticed Sonja
 10102 | D:10     | Killed Sonja
 10103 | D:10     | Reached skill level 16 in Maces & Flails
 10175 | D:10     | Found Yrofez's Armour Boutique.
 10192 | D:10     | Bought an orb of light for 208 gold pieces
 10358 | D:10     | Reached skill level 1 in Throwing
 10367 | D:10     | Reached skill level 17 in Maces & Flails
 10585 | D:10     | Found an ornate altar of the Wu Jian Council.
 11128 | D:11     | Found a staircase to the Orcish Mines.
 11138 | D:11     | Found a staircase to the Lair.
 11252 | D:11     | Noticed Lodul
 11277 | D:11     | Reached skill level 18 in Maces & Flails
 11283 | D:11     | Killed Lodul
 11284 | D:11     | Reached XP level 12. HP: 97/113 MP: 7/11
 11543 | D:11     | Reached skill level 5 in Dodging
 11978 | D:12     | Reached skill level 10 in Armour
 12154 | D:12     | Noticed a two-headed ogre
 12160 | D:12     | Killed a two-headed ogre
 12193 | D:12     | Found Imasa's Tremendous Tomes.
 12522 | D:12     | Noticed a two-headed ogre
 12527 | D:12     | Killed a two-headed ogre
 12528 | D:12     | Reached skill level 5 in Shields
 12795 | D:13     | Noticed a centaur warrior
 12806 | D:13     | Killed a centaur warrior
 12807 | D:13     | Reached skill level 19 in Maces & Flails
 12885 | D:13     | Noticed a centaur warrior
 12891 | D:13     | Killed a centaur warrior
 13744 | D:14     | Noticed a centaur warrior
 13762 | D:14     | Killed a centaur warrior
 13974 | D:14     | Reached XP level 13. HP: 110/125 MP: 12/12
 14029 | D:14     | Identified the +4 leather armour "Remamuc" {Will+ MP+9}
 14083 | D:14     | Reached skill level 20 in Maces & Flails
 14100 | D:14     | Noticed Jorgrun
 14109 | D:14     | Killed Jorgrun
 14116 | D:14     | Received a gift from Trog
 14120 | D:14     | Reached skill level 15 in Fighting
 14394 | D:14     | Noticed Frances
 14402 | D:14     | Killed Frances
 14658 | D:14     | Found a gate to the Vaults.
 14830 | D:15     | Entered Level 15 of the Dungeon
 14864 | D:15     | Noticed a stone giant
 14865 | D:15     | Found a staircase to the Depths.
 14870 | D:15     | Killed a stone giant
 14881 | D:15     | Reached skill level 21 in Maces & Flails
 15054 | D:15     | Noticed Louise
 15070 | D:15     | Killed Louise
 15392 | D:15     | Reached XP level 14. HP: 127/138 MP: 13/13
 15565 | D:15     | Found a white marble altar of Elyvilon.
 15623 | D:15     | Found Figg's General Store.
 15628 | D:15     | Bought a scroll of blinking for 135 gold pieces
 15839 | D:15     | Noticed Roxanne
 15866 | D:15     | Killed Roxanne
 16411 | D:8      | Bought a phantom mirror for 440 gold pieces
 16709 | Lair:1   | Entered Level 1 of the Lair of Beasts
 16784 | Lair:1   | Noticed Urug
 16793 | Lair:1   | Killed Urug
 17243 | Lair:1   | Received a gift from Trog
 17246 | Lair:1   | You fall into a shaft and drop 1 floor!
 17854 | Lair:2   | Found the +7 great mace "Firestarter" {inner flame, rF++}
 18254 | Lair:2   | Reached skill level 22 in Maces & Flails
 18255 | Lair:2   | Reached ****** piety under Trog
 18255 | Lair:2   | Received a gift from Trog
 18585 | Lair:2   | Found a staircase to the Snake Pit.
 18598 | Lair:2   | Noticed Amaemon
 18603 | Lair:2   | Killed Amaemon
 19496 | Lair:3   | Received a gift from Trog
 20085 | Lair:3   | Found a staircase to the Swamp.
 20136 | Lair:4   | Reached skill level 15 in Armour
 20137 | Lair:4   | Reached XP level 15. HP: 145/149 MP: 14/14
 20552 | Lair:4   | Found a basalt altar of Yredelemnul.
 20777 | Lair:4   | Reached skill level 23 in Maces & Flails
 21322 | Lair:5   | Entered Level 5 of the Lair of Beasts
 21345 | Lair:5   | Received a gift from Trog
 21898 | Lair:5   | Paralysed by a hornet for 3 turns
 22084 | Lair:5   | Received a gift from Trog
 22098 | Lair:5   | Noticed Snorg
 22112 | Lair:5   | Killed Snorg
 22267 | Lair:5   | Found a staircase to the Slime Pits.
 22277 | Lair:5   | Acquired the +0 mask of the Dragon {Will+ Slay+3 SInv}
 22277 | Lair:5   | Found the +0 mask of the Dragon {Will+ Slay+3 SInv}
 22279 | Lair:5   | Acquired 603 gold pieces
 23021 | Orc:1    | Entered Level 1 of the Orcish Mines
 23300 | Orc:1    | Found Ketats's Distillery.
 23311 | Orc:1    | Bought a potion of might for 68 gold pieces
 23311 | Orc:1    | Bought a potion of might for 68 gold pieces
 23311 | Orc:1    | Bought a potion of heal wounds for 85 gold pieces
 23366 | Orc:2    | Entered Level 2 of the Orcish Mines
 23377 | Orc:2    | Found a staircase to the Elven Halls.
 23590 | Orc:2    | Noticed Nessos
 23598 | Orc:2    | Received a gift from Trog
 23605 | Orc:2    | Killed Nessos
 23633 | Orc:2    | Reached XP level 16. HP: 32/162 MP: 15/15
 24354 | Orc:2    | Received a gift from Trog
 24442 | Orc:2    | Found Qepui's Distillery.
 24442 | Orc:2    | Found Jumny's Armour Emporium.
 24448 | Orc:2    | Bought a potion of heal wounds for 65 gold pieces
 24448 | Orc:2    | Bought a potion of mutation for 104 gold pieces
 24449 | Orc:2    | Gained mutation: You have large cloven feet. [potion of
                  | mutation]
 24449 | Orc:2    | Gained mutation: You are partially covered in iridescent
                  | scales. (AC +2) [potion of mutation]
 24549 | Orc:2    | Found Soaph's Distillery.
 24549 | Orc:2    | Found Miatih's Distillery.
 24555 | Orc:2    | Bought a potion of mutation for 112 gold pieces
 24555 | Orc:2    | Bought a potion of heal wounds for 70 gold pieces
 24555 | Orc:2    | Bought a potion of heal wounds for 70 gold pieces
 24564 | Orc:2    | Bought a potion of heal wounds for 55 gold pieces
 24564 | Orc:2    | Bought a potion of heal wounds for 55 gold pieces
 24803 | Snake:1  | Entered Level 1 of the Snake Pit
 24841 | Snake:1  | Reached skill level 24 in Maces & Flails
 25465 | Snake:1  | Identified the +5 falchion "Beastslayer" {flame, rC- Str+2
                  | Dex+4}
 25647 | Snake:1  | Found a transporter.
 25647 | Snake:1  | Found a transporter.
 25655 | Snake:1  | Found a bloodstained altar of Trog.
 25655 | Snake:1  | Noticed BadToken's ghost (journeyman MiBe)
 25675 | Snake:1  | You fall into a shaft and drop 1 floor!
 26075 | Snake:2  | Found a runed translucent door.
 27216 | Snake:3  | HP: 5/167 [asphyx]
 27217 | Snake:3  | Mangled by a naga

Illustrated notes

Levels and vault maps discovered:
D:1:      amcnicky_arrival_gap_in_the_tavern_cellar, layout_basic, minivault_24,
          st_stairs_14
D:2:      layout_loops_ring, mrwooster_statue_mirror
D:3:      layout_basic, portal_sewer_entry_d, chequers_ecumenical_altar_island
D:4:      layout_cave_pools, serial_shops, shop, minmay_increasing_density,
          uniq_grinder, uniq_menkaure, uniq_crazy_yiuf_cottage
D:5:      layout_rooms, makhleb_blood_cavern_becter
D:6:      layout_basic, minmay_temple_entry_statues_fountains
D:7:      nicolae_whirlpool, layout_rooms, mainiacjoe_overflow_24_doors
D:8:      layout_loops_ring, serial_shops, shop, serial_bayou_ford_a,
          nicolae_diode_stairs, uniq_maurice, uniq_grum
D:9:      layout_gridville, enter_bailey_5, evilmike_butchery
D:10:     layout_irregular_city, serial_shops, kennysheep_mini_moat,
          dk_noncrumbling_2, hangedman_feature_mirror, minmay_misc_feat_tower,
          kennysheep_small_spiral, hangedman_decor_growths, uniq_sonja
D:11:     layout_basic, due_lair_maze_entry_diamond, dk_noncrumbling_4,
          uniq_lodul
D:12:     layout_roguey, nicolae_kite_square_tiling_tiny, st_stairs_7,
          minmay_misc_feat_nine_boxes, nicolae_shop_i_like_big_books
D:13:     kennysheep_funnel, layout_loops_ring, due_unseen_surprise
D:14:     layout_cave_pools, erik_vaults_2, infiniplex_staircase_hallway_doors,
          uniq_jorgrun, uniq_frances
D:15:     grunt_enter_depths_snipers, layout_small_grid, elyvilon_altar_4,
          serial_shops, nicolae_shop_stone, hangedman_decor_lopped,
          hangedman_abyss_or_decor_stabs, hangedman_glass_teeth, uniq_roxanne,
          uniq_louise
Lair:1:   layout_hall_layers, uniq_urug
Lair:2:   nzn_winding_woodlands_stair_cross [nzn_winding_woodlands_5x15_twine,
          nzn_winding_woodlands_center_diamonds,
          nzn_winding_woodlands_5x15_garden,
          nzn_winding_woodlands_5x5_perimeter,
          nzn_winding_woodlands_5x5_closed_star,
          nzn_winding_woodlands_5x15_cabin, nzn_winding_woodlands_center_lodge,
          nzn_winding_woodlands_5x15_sidewinder], layout_regular_city,
          guppyfry_snake_entry_island, kennysheep_abandoned_house, uniq_amaemon
Lair:3:   layout_chaotic_city, palyth_hydra_swamp_entry
Lair:4:   layout_loops_ring, basic_altar, grunt_megastairs_5,
          infiniplex_staircase_pool_2
Lair:5:   hangedman_lair_tendril_chambers, layout_gridlike, slime_entry_1,
          uniq_snorg
Snake:1:  layout_onion_interference, gammafunk_ghost_wrathful_warriors
Snake:2:  cheibrodos_toxic_ritual, layout_gridlike, beargit_elvish_explorers
Snake:3:  layout_gridlike, hellmonk_ghost_happy_afterlife,
          nicolae_snake_horde_hoard, uniq_vashnia
Orc:1:    layout_caves, serial_shops, shop
Orc:2:    st_orc_town, layout_diamond_mine, uniq_nessos

Skill      XL: |  1  2  3  4  5  6  7  8  9 10 11 12 13 14 15 16 |
---------------+-------------------------------------------------+-----
Fighting       | 4 5 6 7 9 11 12 14 16 18 20 21 | 21.1
Maces & Flails | 4 5 6 8 9 11 13 15 18 19 21 22 23 24 | 24.7
Dodging        | 3 4 5 6 7 |  7.0
Armour         | 3 4 6 7 9 12 14 15 16 | 16.9
Stealth        | 1 2 |  2.3
Shields        | 3 6 7 9 |  9.3
Throwing       | 1 |  1.1
Evocations     | |  0.1

Action                   |  1- 3 |  4- 6 |  7- 9 | 10-12 | 13-15 | 16-18 || total
-------------------------+-------+-------+-------+-------+-------+-------++-------
Melee: Mace              |    87 |    76 |       |       |       |       ||   163
       Headbutt          |     7 |    19 |    53 |   111 |   165 |    33 ||   388
       Punch             |     1 |       |     5 |     3 |       |       ||     9
       Flail             |       |    38 |   319 |   170 |       |       ||   527
       Eveningstar       |       |       |       |   308 |   299 |       ||   607
       Great mace        |       |       |       |       |   388 |   186 ||   574
       Kick              |       |       |       |       |       |    47 ||    47
Throw: Dart              |       |       |       |     3 |       |       ||     3
Invok: Berserk           |       |     3 |     5 |     2 |     2 |       ||    12
       Trog's Hand       |       |     3 |     1 |     2 |     5 |       ||    11
       Brothers in Arms  |       |       |       |     2 |     6 |       ||     8
Evoke: Wand              |       |       |       |     1 |       |       ||     1
  Use: Potion            |       |     1 |       |       |     5 |     2 ||     8
       Scroll            |       |       |     1 |     3 |    17 |     1 ||    22
 Stab: Sleeping          |     1 |       |       |       |       |       ||     1
Armor: Animal skin       |    19 |     7 |       |       |       |       ||    26
       Chain mail        |       |     9 |   200 |   273 |   395 |   113 ||   990
Dodge: Dodged            |    80 |    65 |   128 |   210 |   270 |    76 ||   829
Block: Kite shield       |       |       |       |    32 |    37 |       ||    69

Table legend: (Time is in decaauts)
 A = Elapsed time spent in this place.
 B = Non-inter-level travel time spent in this place.
 C = Inter-level travel time spent in this place.
 D = Time resting spent in this place.
 E = Time spent auto-exploring this place.
 F = Levels seen in this place.
 G = Mean time per level.
                   A        B        C        D        E       F      G
               +--------+--------+--------+--------+--------+-----+--------+
         Total |  27035 |  25665 |   1370 |   1609 |  19790 |  27 | 1001.3 |
       Dungeon |  15221 |  14122 |   1099 |    740 |  11108 |  15 | 1014.7 |
          Lair |   6439 |   6243 |    196 |    208 |   5103 |   5 | 1287.8 |
     Snake Pit |   2170 |   2160 |     10 |    392 |   1374 |   3 |  723.3 |
  Orcish Mines |   1691 |   1627 |     64 |    203 |   1111 |   2 |  845.5 |
         Sewer |    644 |    644 |      0 |     38 |    413 |   1 |  644.0 |
        Bailey |    866 |    866 |      0 |     27 |    680 |   1 |  866.0 |
               +--------+--------+--------+--------+--------+-----+--------+

Top non-repeatable levels by time:
  Lair:5: 1590 daAuts
     D:8: 1552 daAuts
  Lair:2: 1548 daAuts
    D:15: 1519 daAuts
     D:6: 1412 daAuts
    D:13: 1341 daAuts
 Snake:2: 1309 daAuts
    D:10: 1257 daAuts
  Lair:4: 1181 daAuts
  Lair:3: 1169 daAuts
   Orc:2: 1059 daAuts
  Lair:1: 950 daAuts
    D:12: 949 daAuts
     D:3: 938 daAuts
    D:11: 907 daAuts
